[ AOE2 MATCH · #506656307 ]
UnrankedBerbers vs Portuguese
Player's team · WIN
[ REPLAY ANALYSIS · EXTRACTED FROM THE RECORDED GAME ]
Feudal
11:08
Castle
22:23
Imperial
41:55
| APM avg | 44.1 |
| APM peak | 80 |
| eAPM avg | 19.1 |
| Villagers / military | 144 / 162 |
Focus
⚔️ 30.2% · 🌾 69.8%
Camel Archer ×52 · Scout Cavalry ×41 · Camel Scout ×33 · Bombard Cannon ×23 · Fishing Ship ×12 · Unknown (2626) ×11
Feudal
10:23
Castle
25:09
Imperial
38:17
| APM avg | 40.1 |
| APM peak | 85 |
| eAPM avg | 22.6 |
| Villagers / military | 207 / 257 |
Focus
⚔️ 32.6% · 🌾 67.4%
Organ Gun ×132 · Knight ×80 · Caravel ×21 · Cannon Galleon ×13 · Unknown (2626) ×11 · Fishing Ship ×10
Match map
Initial resources + every placement click. Lines = walls · curves = elevation contours. ◆ gold · ⬟ stone · ● berries · ✦ relic · ◌ wall gap
Your base· Open — unwalled flank
elchinaleikazo's base· Open — 7t gap
Smoothed initial terrain · ◌ = detected wall gap · hover for details
Inputs per minute
— theanswer5 - - elchinaleikazo
Build order — theanswer5
First 150 of 484 actions detected
| 0:02 | Queue | Villager (Male) |
| 0:02 | Queue | Villager (Male) |
| 0:03 | Queue | Villager (Male) |
| 0:04 | Build | House |
| 0:06 | Build | House |
| 1:08 | Queue | Villager (Male) |
| 1:37 | Queue | Villager (Male) |
| 1:37 | Queue | Villager (Male) |
| 1:53 | Build | Lumber Camp |
| 2:01 | Queue | Villager (Male) |
| 2:17 | Queue | Villager (Male) |
| 2:49 | Queue | Villager (Male) |
| 3:12 | Queue | Villager (Male) |
| 3:27 | Build | House |
| 3:48 | Queue | Villager (Male) |
| 3:49 | Queue | Villager (Male) |
| 3:49 | Queue | Villager (Male) |
| 4:08 | Queue | Villager (Male) |
| 4:32 | Build | House |
| 4:35 | Queue | Villager (Male) |
| 5:01 | Queue | Villager (Male) |
| 5:01 | Queue | Villager (Male) |
| 5:10 | Build | Dock |
| 5:29 | Queue | Villager (Male) |
| 5:48 | Queue | Villager (Male) |
| 5:51 | Queue | Fishing Ship |
| 5:51 | Queue | Fishing Ship |
| 6:13 | Queue | Villager (Male) |
| 6:25 | Build | Mining Camp |
| 6:29 | Queue | Villager (Male) |
| 6:44 | Research | Loom |
| 6:54 | Build | House |
| 7:15 | Build | Mill |
| 7:19 | Queue | Villager (Male) |
| 7:23 | Queue | Fishing Ship |
| 7:44 | Queue | Villager (Male) |
| 8:08 | Queue | Fishing Ship |
| 8:10 | Queue | Villager (Male) |
| 8:58 | Research | Feudal Age |
| 8:58 | Research | Feudal Age |
| 9:04 | Queue | Fishing Ship |
| 9:04 | Queue | Fishing Ship |
| 9:10 | Build | Mining Camp |
| 9:24 | Queue | Villager (Male) |
| 11:08 | Age | Feudal Age |
| 11:10 | Build | House |
| 11:14 | Queue | Unit 2626 |
| 11:15 | Queue | Unit 2626 |
| 11:20 | Queue | Villager (Male) |
| 11:24 | Research | Double-Bit Axe |
| 12:05 | Queue | Villager (Male) |
| 12:05 | Queue | Villager (Male) |
| 12:43 | Build | Watch Tower |
| 12:47 | Queue | Villager (Male) |
| 12:56 | Build | Palisade Wall |
| 12:58 | Build | Palisade Wall |
| 13:16 | Build | Farm |
| 13:17 | Build | Farm |
| 13:18 | Build | Farm |
| 13:19 | Build | Farm |
| 13:20 | Queue | Villager (Male) |
| 13:39 | Build | House |
| 13:44 | Queue | Villager (Male) |
| 13:48 | Build | Blacksmith |
| 13:59 | Queue | Villager (Male) |
| 14:09 | Build | Watch Tower |
| 14:17 | Build | Watch Tower |
| 14:20 | Queue | Villager (Male) |
| 14:30 | Build | Watch Tower |
| 14:37 | Research | Fletching |
| 14:37 | Research | Fletching |
| 14:53 | Build | Palisade Wall |
| 14:56 | Build | Palisade Wall |
| 15:12 | Queue | Villager (Male) |
| 15:12 | Queue | Villager (Male) |
| 15:30 | Build | Dock |
| 15:49 | Build | House |
| 15:50 | Build | House |
| 15:54 | Queue | Unit 2626 |
| 15:54 | Queue | Unit 2626 |
| 15:58 | Queue | Villager (Male) |
| 16:17 | Build | Watch Tower |
| 16:20 | Build | Palisade Wall |
| 16:21 | Build | Palisade Wall |
| 16:23 | Build | Palisade Wall |
| 16:25 | Build | Palisade Wall |
| 16:27 | Build | Palisade Wall |
| 16:29 | Build | Palisade Wall |
| 16:31 | Build | Palisade Wall |
| 16:38 | Build | Palisade Wall |
| 16:47 | Queue | Villager (Male) |
| 16:47 | Queue | Villager (Male) |
| 17:09 | Build | Farm |
| 17:12 | Build | Farm |
| 17:25 | Queue | Unit 2626 |
| 18:14 | Queue | Unit 2626 |
| 18:25 | Build | Watch Tower |
| 18:37 | Queue | Villager (Male) |
| 18:37 | Queue | Villager (Male) |
| 18:41 | Build | Market |
| 19:24 | Queue | Unit 2626 |
| 19:43 | Research | Castle Age |
| 19:44 | Research | Castle Age |
| 20:12 | Queue | Galley |
| 20:33 | Research | Gold Mining |
| 20:33 | Research | Gold Mining |
| 20:34 | Research | Horse Collar |
| 20:35 | Research | Horse Collar |
| 20:38 | Queue | Fishing Ship |
| 20:38 | Queue | Fishing Ship |
| 21:11 | Research | Stone Mining |
| 21:15 | Build | Lumber Camp |
| 21:29 | Queue | Galley |
| 22:21 | Queue | Villager (Male) |
| 22:22 | Queue | Villager (Male) |
| 22:23 | Age | Castle Age |
| 22:52 | Build | Farm |
| 22:55 | Research | Bodkin Arrow |
| 23:04 | Queue | Fishing Ship |
| 23:04 | Queue | Fishing Ship |
| 23:24 | Queue | Villager (Male) |
| 23:24 | Queue | Villager (Male) |
| 23:25 | Queue | Villager (Male) |
| 23:36 | Build | Castle |
| 24:04 | Queue | Villager (Male) |
| 24:04 | Queue | Villager (Male) |
| 24:11 | Queue | Unit 2626 |
| 24:11 | Queue | Unit 2626 |
| 24:32 | Build | Siege Workshop |
| 25:03 | Queue | Mangonel |
| 25:13 | Build | Lumber Camp |
| 25:22 | Queue | Villager (Male) |
| 25:50 | Queue | Villager (Male) |
| 25:58 | Queue | Mangonel |
| 26:08 | Build | House |
| 27:01 | Research | Wheelbarrow |
| 27:01 | Research | Wheelbarrow |
| 27:04 | Build | Farm |
| 27:05 | Build | Farm |
| 27:38 | Queue | Villager (Male) |
| 27:43 | Queue | Mangonel |
| 27:43 | Queue | Mangonel |
| 28:09 | Queue | Villager (Male) |
| 28:48 | Build | Castle |
| 29:00 | Queue | Villager (Male) |
| 29:27 | Research | Bow Saw |
| 29:28 | Research | Bow Saw |
| 29:31 | Queue | Villager (Male) |
| 29:31 | Queue | Villager (Male) |
| 29:43 | Build | Farm |
Build order — elchinaleikazo
First 150 of 566 actions detected
| 0:02 | Queue | Villager (Male) |
| 0:02 | Queue | Villager (Male) |
| 0:03 | Build | House |
| 0:04 | Build | House |
| 0:29 | Queue | Villager (Male) |
| 0:30 | Queue | Villager (Male) |
| 1:26 | Queue | Villager (Male) |
| 1:48 | Build | Lumber Camp |
| 2:01 | Queue | Villager (Male) |
| 2:02 | Queue | Villager (Male) |
| 2:17 | Queue | Villager (Male) |
| 2:49 | Queue | Villager (Male) |
| 2:50 | Queue | Villager (Male) |
| 3:07 | Queue | Villager (Male) |
| 3:07 | Queue | Villager (Male) |
| 3:39 | Queue | Villager (Male) |
| 3:39 | Queue | Villager (Male) |
| 3:56 | Build | House |
| 3:57 | Queue | Villager (Male) |
| 4:23 | Queue | Villager (Male) |
| 4:30 | Build | Dock |
| 5:03 | Queue | Villager (Male) |
| 5:04 | Queue | Villager (Male) |
| 5:04 | Queue | Villager (Male) |
| 5:37 | Queue | Villager (Male) |
| 5:37 | Queue | Villager (Male) |
| 5:42 | Build | House |
| 5:48 | Queue | Fishing Ship |
| 5:49 | Queue | Fishing Ship |
| 6:21 | Build | House |
| 6:27 | Queue | Villager (Male) |
| 6:29 | Queue | Villager (Male) |
| 6:46 | Queue | Villager (Male) |
| 6:49 | Queue | Villager (Male) |
| 6:54 | Queue | Fishing Ship |
| 7:19 | Research | Loom |
| 7:42 | Build | Mining Camp |
| 8:05 | Research | Feudal Age |
| 8:05 | Research | Feudal Age |
| 8:49 | Build | Lumber Camp |
| 9:01 | Queue | Villager (Male) |
| 9:08 | Queue | Villager (Male) |
| 9:12 | Build | House |
| 9:27 | Queue | Villager (Male) |
| 9:49 | Build | Dock |
| 9:52 | Build | House |
| 9:53 | Build | Palisade Wall |
| 10:04 | Queue | Fishing Ship |
| 10:21 | Queue | Fishing Ship |
| 10:23 | Age | Feudal Age |
| 10:34 | Research | Double-Bit Axe |
| 10:34 | Research | Double-Bit Axe |
| 10:39 | Queue | Unit 2626 |
| 10:40 | Queue | Unit 2626 |
| 10:51 | Build | Mill |
| 11:04 | Queue | Unit 2626 |
| 11:05 | Queue | Unit 2626 |
| 11:08 | Queue | Villager (Male) |
| 11:22 | Queue | Villager (Male) |
| 11:26 | Queue | Unit 2626 |
| 11:38 | Queue | Fishing Ship |
| 11:39 | Queue | Fishing Ship |
| 11:50 | Queue | Villager (Male) |
| 12:06 | Build | Dock |
| 12:13 | Build | Dock |
| 12:19 | Queue | Unit 2626 |
| 12:24 | Queue | Villager (Male) |
| 12:33 | Build | House |
| 12:34 | Build | House |
| 12:52 | Build | House |
| 12:54 | Queue | Fire Galley |
| 13:13 | Queue | Galley |
| 13:13 | Queue | Galley |
| 13:14 | Queue | Villager (Male) |
| 13:23 | Build | Watch Tower |
| 13:37 | Queue | Villager (Male) |
| 13:38 | Queue | Villager (Male) |
| 13:52 | Build | Dock |
| 14:03 | Queue | Villager (Male) |
| 14:26 | Build | Mining Camp |
| 14:27 | Build | House |
| 14:49 | Queue | Villager (Male) |
| 15:08 | Queue | Villager (Male) |
| 15:08 | Queue | Villager (Male) |
| 15:14 | Queue | Fishing Ship |
| 15:22 | Queue | Fishing Ship |
| 15:22 | Queue | Fishing Ship |
| 15:40 | Build | Blacksmith |
| 15:50 | Research | Town Watch |
| 16:07 | Queue | Unit 2626 |
| 16:27 | Build | Watch Tower |
| 16:45 | Queue | Galley |
| 16:51 | Queue | Villager (Male) |
| 16:53 | Research | Wheelbarrow |
| 16:54 | Research | Wheelbarrow |
| 17:09 | Research | Fletching |
| 17:17 | Queue | Villager (Male) |
| 17:18 | Queue | Villager (Male) |
| 17:19 | Queue | Villager (Male) |
| 17:54 | Build | Palisade Gate |
| 17:57 | Build | Palisade Gate |
| 18:02 | Build | Palisade Gate |
| 18:40 | Queue | Villager (Male) |
| 18:41 | Queue | Villager (Male) |
| 18:53 | Queue | Villager (Male) |
| 18:55 | Queue | Villager (Male) |
| 19:38 | Build | House |
| 19:42 | Build | Palisade Gate |
| 19:50 | Build | Palisade Wall |
| 19:52 | Build | House |
| 19:59 | Queue | Villager (Male) |
| 20:08 | Queue | Unit 2626 |
| 20:08 | Queue | Unit 2626 |
| 20:15 | Queue | Villager (Male) |
| 20:42 | Queue | Villager (Male) |
| 20:53 | Queue | Villager (Male) |
| 20:58 | Queue | Unit 2626 |
| 21:22 | Queue | Unit 2626 |
| 21:37 | Build | Market |
| 21:58 | Queue | Fire Galley |
| 21:58 | Queue | Fire Galley |
| 22:29 | Research | Castle Age |
| 22:29 | Research | Castle Age |
| 22:41 | Queue | Villager (Male) |
| 23:25 | Queue | Fire Galley |
| 24:45 | Build | Gate |
| 24:58 | Build | Stone Wall |
| 24:59 | Build | Stone Wall |
| 24:59 | Build | Stone Wall |
| 25:01 | Build | Stone Wall |
| 25:01 | Build | Stone Wall |
| 25:01 | Build | Stone Wall |
| 25:03 | Build | Stone Wall |
| 25:04 | Build | Stone Wall |
| 25:05 | Build | Stone Wall |
| 25:05 | Build | Stone Wall |
| 25:05 | Build | Stone Wall |
| 25:05 | Build | Stone Wall |
| 25:06 | Build | Stone Wall |
| 25:06 | Build | Stone Wall |
| 25:07 | Build | Stone Wall |
| 25:09 | Age | Castle Age |
| 25:10 | Build | Stone Wall |
| 25:10 | Build | Stone Wall |
| 25:11 | Build | Stone Wall |
| 25:15 | Queue | Villager (Male) |
| 25:20 | Build | Castle |
| 25:37 | Queue | Villager (Male) |
| 25:42 | Queue | Caravel |
| 25:43 | Queue | Caravel |
Match timeline
| 4:30 | elchinaleikazo · first_building Dock |
| 5:10 | theanswer5 · first_building Dock |
| 9:53 | elchinaleikazo · wall_segment Palisade Wall x1 |
| 10:23 | elchinaleikazo · age_up feudal |
| 11:08 | theanswer5 · age_up feudal |
| 12:56 | theanswer5 · wall_segment Palisade Wall x1 |
| 12:58 | theanswer5 · wall_segment Palisade Wall x1 |
| 14:53 | theanswer5 · wall_segment Palisade Wall x1 |
| 14:56 | theanswer5 · wall_segment Palisade Wall x1 |
| 16:20 | theanswer5 · wall_segment Palisade Wall x1 |
| 16:21 | theanswer5 · wall_segment Palisade Wall x1 |
| 16:23 | theanswer5 · wall_segment Palisade Wall x1 |
| 16:25 | theanswer5 · wall_segment Palisade Wall x1 |
| 16:27 | theanswer5 · wall_segment Palisade Wall x1 |
| 16:29 | theanswer5 · wall_segment Palisade Wall x1 |
| 16:31 | theanswer5 · wall_segment Palisade Wall x1 |
| 16:38 | theanswer5 · wall_segment Palisade Wall x1 |
| 19:50 | elchinaleikazo · wall_segment Palisade Wall x1 |
| 22:23 | theanswer5 · age_up castle |
| 22:28 | elchinaleikazo · first_market_buy 100 food |
| 23:36 | theanswer5 · first_building Castle |
| 24:32 | theanswer5 · first_building Siege Workshop |
| 24:58 | elchinaleikazo · wall_segment Stone Wall x1 |
| 24:59 | elchinaleikazo · wall_segment Stone Wall x1 |
| 24:59 | elchinaleikazo · wall_segment Stone Wall x2 |
| 25:01 | elchinaleikazo · wall_segment Stone Wall x1 |
| 25:01 | elchinaleikazo · wall_segment Stone Wall x1 |
| 25:01 | elchinaleikazo · wall_segment Stone Wall x1 |
| 25:03 | elchinaleikazo · wall_segment Stone Wall x1 |
| 25:04 | elchinaleikazo · wall_segment Stone Wall x2 |
| 25:05 | elchinaleikazo · wall_segment Stone Wall x2 |
| 25:05 | elchinaleikazo · wall_segment Stone Wall x2 |
| 25:05 | elchinaleikazo · wall_segment Stone Wall x1 |
| 25:05 | elchinaleikazo · wall_segment Stone Wall x1 |
| 25:06 | elchinaleikazo · wall_segment Stone Wall x1 |
| 25:06 | elchinaleikazo · wall_segment Stone Wall x3 |
| 25:07 | elchinaleikazo · wall_segment Stone Wall x1 |
| 25:09 | elchinaleikazo · age_up castle |
| 25:10 | elchinaleikazo · wall_segment Stone Wall x2 |
| 25:10 | elchinaleikazo · wall_segment Stone Wall x2 |
| 25:11 | elchinaleikazo · wall_segment Stone Wall x2 |
| 25:20 | elchinaleikazo · first_building Castle |
| 27:28 | elchinaleikazo · wall_segment Stone Wall x1 |
| 27:56 | theanswer5 · first_market_buy 100 stone |
| 31:35 | elchinaleikazo · first_market_sell 100 wood |
| 33:56 | elchinaleikazo · wall_segment Stone Wall x7 |
| 36:21 | theanswer5 · first_building Barracks |
| 37:11 | theanswer5 · first_building Stable |
| 38:17 | elchinaleikazo · age_up imperial |
| 38:43 | elchinaleikazo · wall_segment Stone Wall x11 |
| 40:42 | elchinaleikazo · wall_segment Stone Wall x4 |
| 41:55 | theanswer5 · age_up imperial |
| 44:30 | theanswer5 · first_building Archery Range |
| 45:30 | elchinaleikazo · wall_segment Stone Wall x13 |
| 45:32 | elchinaleikazo · wall_segment Stone Wall x6 |
| 52:34 | elchinaleikazo · first_building Barracks |
| 53:59 | elchinaleikazo · first_building Stable |
| 54:23 | theanswer5 · first_market_sell 100 stone |
| 55:47 | elchinaleikazo · wall_segment Stone Wall x8 |
| 64:11 | elchinaleikazo · resign |
[ AI ANALYSIS · 1 CREDIT ]
What really happened in this match?
Wolo.gg analyzes every decision: build order, eco, micro, common mistakes by bracket. Personalized analysis on WhatsApp or Discord in 30 seconds.
Civ guide
Berbers
Perfil
Jugador #16931029